 Dungeon Crawl Stone Soup version 0.30-a0-241-g1121274140 (webtiles) character file.

Game seed: 15487844561435758503

17 gzilladon the Ruffian (level 2, -3/25 HPs)
             Began as a Ghoul Gladiator on Oct 10, 2022.
             Slain by a kobold
             ... wielding a +0 club
              (4 damage)
             ... on level 2 of the Dungeon.
             The game lasted 00:03:57 (936 turns).

gzilladon the Ruffian (Ghoul Gladiator)              Turns: 936, Time: 00:03:58

Health: -3/25      AC:  9    Str: 17    XL:     2   Next: 62%
Magic:  1/1        EV:  4    Int:  3    God:
Gold:   86         SH:  0    Dex: 10    Spells: 1/1 levels left

rFire   . . .      SeeInvis .    g - +3 dagger
rCold   + . .      Faith    .    (no shield)
rNeg    + + +      Spirit   .    q - +0 chain mail
rPois   ∞          Reflect  .    b - +0 helmet
rElec   .          Harm     .    (no cloak)
rCorr   .          Rampage  .    (no gloves)
Will    .....                    (no boots)
Stlth   ..........               (no amulet)
HPRegen 0.00/turn                (no ring)
MPRegen 0.07/turn                (no ring)

@: inhibited regen, constricted
A: claws 1, cold resistance 1, negative energy resistance 3, inhibited
regeneration, torment resistance 2, devour on kill
a: no special abilities


You were on level 2 of the Dungeon.
You visited 1 branch of the dungeon, and saw 2 of its levels.

You collected 86 gold pieces.

Inventory:

Hand Weapons
 g - a +3 dagger (weapon)
 k - a +2 whip of freezing
 o - a +0 battleaxe
Missiles
 c - 3 throwing nets (quivered)
 d - a javelin
 f - 2 curare-tipped darts
 h - 12 stones
Armour
 a - a +0 leather armour
 b - a +0 helmet (worn)
 e - a +0 ring mail
 q - a +0 chain mail (worn)
Scrolls
 i - a scroll of fear {unknown}
 j - a scroll of teleportation {unknown}
 l - a scroll of identify {unknown}
 n - a scroll of magic mapping {unknown}
Potions
 m - a potion of degeneration {unknown}
 p - a potion of attraction {unknown}
 r - a potion of invisibility {unknown}


   Skills:
 + Level 2.4 Fighting
 + Level 0.1 Short Blades
 + Level 1.8 Throwing
 + Level 3.0 Dodging
 + Level 3.7 Unarmed Combat


You had one spell level left.
You didn't know any spells.
Your spell library was empty.

Dungeon Overview and Level Annotations

Branches:
Dungeon (2/15)

Altars:


Innate Abilities, Weirdness & Mutations

You are immune to poison.
You have sharp fingernails.
Your flesh is cold resistant. (rC+)
You are immune to negative energy. (rN+++)
You do not regenerate when monsters are visible.
You are immune to unholy pain and torment.
You thrive by killing the living.


Message History

The ball python bites you but does no damage.
The ball python constricts you. The kobold completely misses you.
You miss the adder.
The adder is severely wounded.
The adder bites you but does no damage. The ball python barely misses you.
The ball python constricts you. The kobold barely misses you.
You closely miss the adder.
The adder is severely wounded.
The adder bites you but does no damage.
The ball python bites you but does no damage.
The ball python constricts you. The kobold hits you with a +0 club.
The adder bites you but does no damage.
You barely miss the adder.
The adder is severely wounded.
The ball python bites you but does no damage.
The ball python constricts you. The adder bites you but does no damage.
The kobold barely misses you.
You closely miss the adder.
The adder is severely wounded.
The ball python bites you but does no damage.
The ball python constricts you. The adder bites you.
The kobold hits you but does no damage.
The ball python bites you but does no damage.
The ball python constricts you.
You miss the adder.
The adder is severely wounded.
The adder bites you but does no damage. The ball python bites you.
* * * LOW HITPOINT WARNING * * *
The ball python constricts you.
* * * LOW HITPOINT WARNING * * *
The kobold hits you but does no damage. The adder bites you.
* * * LOW HITPOINT WARNING * * *
You miss the adder.
The adder is severely wounded.
The ball python bites you.
* * * LOW HITPOINT WARNING * * *
The ball python constricts you. The adder bites you.
* * * LOW HITPOINT WARNING * * *
The kobold hits you with a +0 club.
You die...

...## #.###..##..##...#
..## ##.##..###.......#
...# #..#..####..#...#
##....
.#..[......#...###
#####...########.#......
##.. ####.....# ...
#........# #.#
#.#........# #.
#...@.##.....#
#...SSK.#...#..
#............# .
..............#
..............#
.#..?.........#
.?............#
##.....$...####


You could see an adder, a ball python and a kobold.

Vanquished Creatures
  2 ball pythons
  2 endoplasms (D:1)
  A giant cockroach (D:1)
  A hobgoblin (D:2)
  2 kobolds (D:1)
  2 quokkas (D:1)
  A bat (D:1)
  3 frilled lizards
  3 rats (D:1)
17 creatures vanquished.

Notes
Turn   | Place    | Note
-------+----------+-------------------------------------------
     0 | D:1      | gzilladon the Ghoul Gladiator began the quest for the Orb.
     0 | D:1      | Reached XP level 1. HP: 17/17 MP: 0/0
   265 | D:1      | Reached XP level 2. HP: 23/24 MP: 1/1
   545 | D:1      | Found a faded altar of an unknown god.
   936 | D:2      | HP: 1/25 [adder (2)]
   936 | D:2      | Slain by a kobold

Illustrated notes

Levels and vault maps discovered:
D:1:      dpeg_arrival_chambers_temple_mockup, layout_loops_ring,
          ebering_ecumenical_altar_box, nicolae_figureground_sparkle
D:2:      layout_rooms, corexii_leaking_fountain, uniq_terence

Skill      XL: |  1  2 |
---------------+-------+-----
Dodging        | 3 |  3.0
Fighting       | |  2.4
Short Blades   | |  0.1
Throwing       | |  1.8
Unarmed Combat | |  3.7

Action                   || total
-------------------------++-------
Melee: Dagger            ||    44
       Unarmed           ||     3
       Battleaxe         ||    16
Armor: Ring mail         ||    18
       Chain mail        ||    18
Dodge: Dodged            ||    36

Table legend: (Time is in decaauts)
 A = Elapsed time spent in this place.
 B = Non-inter-level travel time spent in this place.
 C = Inter-level travel time spent in this place.
 D = Time resting spent in this place.
 E = Time spent auto-exploring this place.
 F = Levels seen in this place.
 G = Mean time per level.
                   A        B        C        D        E       F      G
               +--------+--------+--------+--------+--------+-----+--------+
         Total |    945 |    793 |    152 |     90 |      0 |   2 |  472.5 |
       Dungeon |    945 |    793 |    152 |     90 |      0 |   2 |  472.5 |
               +--------+--------+--------+--------+--------+-----+--------+

Top non-repeatable levels by time:
     D:1: 798 daAuts
     D:2: 146 daAuts
